 Dungeon Crawl Stone Soup version 0.20-a0-942-ga5226df (webtiles) character file.

1547 Unglaeubiger the Thaumaturge (level 8, -1/52 HPs)
             Began as a Mummy Necromancer on Apr 1, 2017.
             Was a Believer of Vehumet.
             Slain by a wight
             ... wielding a +4 falchion
              (12 damage)
             ... on level 6 of the Dungeon.
             The game lasted 00:52:07 (5587 turns).

Unglaeubiger the Thaumaturge (Mummy Necromancer)    Turns: 5587, Time: 00:52:08

Health: -1/52      AC:  5    Str: 11    XL:     8   Next: 57%
Magic:  22/22      EV: 12    Int: 16    God:    Vehumet [**....]
Gold:   263        SH:  0    Dex: 13    Spells: 13/28 levels left

rFire    x . .     SeeInvis .   r - +2 quarterstaff (chaos)
rCold    + . .     Gourm    .   (shield currently unavailable)
rNeg     + + +     Faith    .   a - +0 robe
rPois    ∞         Spirit   .   (no helmet)
rElec    .         Reflect  .   s - +0 cloak
rCorr    .         Harm     .   (no gloves)
MR       +....                  (no boots)
Stlth    ++........             (no amulet)
Regen    0.2/turn               B - +2 ring of protection
MPRegen  0.2/turn               (no ring)

@: no status effects
A: no food or potions, fire vulnerability, cold resistance 1, negative energy
resistance 3, torment resistance, unbreathing
a: Renounce Religion


You were on level 6 of the Dungeon.
You worshipped Vehumet.
Vehumet was pleased with you.
You were not hungry.

You visited 2 branches of the dungeon, and saw 7 of its levels.

You collected 263 gold pieces.

Inventory:

Hand Weapons
 i - a +0 hunting sling
 k - a +0 mace of draining
 o - a +2 short sword of venom
 r - a +2 quarterstaff of chaos (weapon)
 t - a +3 mace
 w - a +2 shortbow of flaming
 F - a +3 falchion
 G - a cursed +2 hand axe
Missiles
 c - 156 stones (quivered)
 f - 38 sling bullets
 v - 30 arrows
 y - 44 bolts
 z - 4 javelins
Armour
 a - a +0 robe (worn)
 e - a +0 buckler
 s - a +0 cloak (worn)
 A - a +0 ring mail of poison resistance
Jewellery
 B - a +2 ring of protection (left hand)
Wands
 p - a wand of digging (14/24)
 u - a wand of random effects (16/48)
 x - a wand of iceblast (10/15)
Scrolls
 d - 2 scrolls of amnesia
 g - 3 scrolls of teleportation
 h - 2 scrolls of fog {unknown}
 j - a scroll of enchant armour {unknown}
 l - 2 scrolls of enchant weapon
 m - 2 scrolls of remove curse
 q - 2 scrolls of magic mapping {unknown}
 C - a scroll of noise {unknown}
 D - 3 scrolls of recharging
Books
 b - a book of Necromancy

   Spells                             Type                      Level
   a - Pain                           Necromancy                   1
   b - Animate Skeleton               Necromancy                   1
   c - Vampiric Draining              Necromancy                   3
   d - Regeneration                   Charms/Necromancy            3
   e - Animate Dead                   Necromancy                   4
   f - Control Undead                 Necromancy                   4
 E - a book of Misfortune

   Spells                             Type                      Level
   a - Confusing Touch                Hexes                        1
   b - Confuse                        Hexes                        3
   c - Gell's Gravitas                Translocation                3
   d - Petrify                        Transmutation/Earth          4
   e - Metabolic Englaciation         Hexes/Ice                    5
   f - Yara's Violent Unravelling     Hexes/Transmutation          5


   Skills:
 - Level 1.5 Dodging
 - Level 1.5 Stealth
 + Level 10.6 Spellcasting
 - Level 7.6 Necromancy


You had 13 spell levels left.
You knew the following spells:

 Your Spells              Type           Power        Failure   Level  Hunger
a - Pain                  Necr           ####         1%          1    N/A
b - Control Undead        Necr           ####......   4%          4    N/A
n - Animate Dead          Necr           N/A          4%          4    N/A
t - Throw Frost           Conj/Ice       #.....       14%         2    N/A
v - Vampiric Draining     Necr           ####......   1%          3    N/A
z - Freeze                Ice            #...         10%         1    N/A

Dungeon Overview and Level Annotations

Branches:
Dungeon (6/15)             Temple (1/1) D:6

Altars:
Ashenzari
Cheibriados
Dithmenos
Elyvilon
Fedhas
Gozag
Hepliaklqana
Kikubaaqudgha
Makhleb
Nemelex Xobeh
Okawaru
Qazlal
Sif Muna
Trog
Uskayaw
Vehumet
Wu Jian
Xom
Yredelemnul
Zin
The Shining One

Shops:
D:4 (

Annotations:
D:6 !wight's


Innate Abilities, Weirdness & Mutations

You do not eat or drink.
Your flesh is vulnerable to fire.
You are immune to poison.
Your flesh is cold resistant. (rC+)
You are immune to negative energy. (rN+++)
You are immune to unholy pain and torment.
You can survive without breathing.


Message History

Firing (i - inventory. (,) - cycle):
v - 30 arrows (quivered)
Press: ? - help, Shift-Dir - straight line, f - wight
Aim: a wight, wielding an enchanted falchion and wearing a robe
Okay, then.
Wield which item (- for none, * to show all)? (? for menu, Esc to quit)
Your +2 shortbow of flaming stops flaming.
Your +2 quarterstaff of chaos is briefly surrounded by a scintillating aura of random colours.
r - a +2 quarterstaff of chaos (weapon)
You closely miss the wight.
The wight hits you with an enchanted falchion.
You closely miss the wight.
The wight hits you with an enchanted falchion! x2
* * * LOW HITPOINT WARNING * * *
You are too injured to fight recklessly!
You closely miss the wight.
The wight hits you with an enchanted falchion.
* * * LOW HITPOINT WARNING * * *
You hit the wight but do no damage.
The wight hits you with an enchanted falchion!
You die...

..####.####..............###.....
...#...####.##..#........##.....#
##......##.....###.......#......#
......#.....####...........#....#
.............##..#.....<........#
..........#...#.##.........#....#
............#............###....#
.................##........#....#
........[......#@.["...⌠...#....#
............#..z.###.......######
..................#..⌠.>.⌠..# #
........###....(#...........## #
....##'###......(......⌠.....# #
....#...##..###..........###.# #
#...#.≈.##....##(....#.### #.# #
#####%≈.###(#..)##.#.#.#♣###.####
....#.≈%# #)###...z....'..##.....


You could see a wight.

Vanquished Creatures
  Eustachio (D:4)
  Duvessa (D:4)
  An ice beast (D:6)
  2 centaurs (D:6)
  Dowan (D:4)
  A scorpion (D:4)
  4 wights (D:6)
  A crimson imp (D:6)
  A bullfrog skeleton (D:6)
  4 hounds
  A gnoll shaman (D:5)
  Crazy Yiuf (D:3)
  3 iguanas
  2 orc wizards
  6 worker ants
  A worker ant zombie (D:5)
  10 adders
  3 gnolls (D:5)
  3 oozes
  An adder skeleton (D:6)
  3 worms
  3 dart slugs
  4 leopard geckos
  8 orcs
  A ball python (D:3)
  2 giant cockroaches (D:3)
  8 goblins
  13 hobgoblins
  15 jackals
  5 kobolds
  3 quokkas
  7 bats
  3 frilled lizards
  A giant cockroach zombie (D:6)
  2 quokka skeletons
  5 rats
  A plant (D:4)
132 creatures vanquished.

Vanquished Creatures (collateral kills)
  An ogre (D:5)
  A worker ant (D:5)
  A worker ant zombie (D:4)
  A bat (D:3)
  A giant cockroach (D:3)
  A fungus (D:3)
6 creatures vanquished.

Vanquished Creatures (others)
  5 toadstools (D:1)
5 creatures vanquished.

Grand Total: 143 creatures vanquished

Notes
Turn   | Place    | Note
-------+----------+-------------------------------------------
     0 | D:1      | Unglaeubiger the Mummy Necromancer began the quest for the Orb.
     0 | D:1      | Reached XP level 1. HP: 13/13 MP: 4/4
    21 | D:1      | Learned a level 1 spell: Animate Skeleton
    29 | D:1      | Reached skill level 3 in Spellcasting
   172 | D:1      | Reached XP level 2. HP: 19/19 MP: 2/6
   353 | D:1      | Reached skill level 4 in Spellcasting
   640 | D:1      | Reached XP level 3. HP: 8/24 MP: 0/8
  1133 | D:2      | Learned a level 3 spell: Vampiric Draining
  1359 | D:2      | Reached skill level 5 in Spellcasting
  1917 | D:2      | Reached XP level 4. HP: 10/30 MP: 0/11
  2135 | D:3      | Learned a level 4 spell: Animate Dead
  2141 | D:3      | Learned a level 4 spell: Control Undead
  2490 | D:3      | Found a radiant altar of Vehumet.
  2495 | D:3      | Became a worshipper of Vehumet
  2523 | D:3      | Reached skill level 6 in Spellcasting
  2636 | D:3      | Reached XP level 5. HP: 28/35 MP: 5/13
  2800 | D:3      | Reached skill level 5 in Necromancy
  2968 | D:3      | Found a runed door.
  2972 | D:3      | Noticed Crazy Yiuf
  2978 | D:3      | Killed Crazy Yiuf
  3172 | D:4      | Reached * piety under Vehumet
  3172 | D:4      | Offered knowledge of Freeze by Vehumet.
  3172 | D:4      | Reached XP level 6. HP: 41/41 MP: 5/15
  3189 | D:4      | Found Puurghid's Antique Weapon Shop.
  3311 | D:4      | Noticed Eustachio
  3321 | D:4      | Killed Eustachio
  3541 | D:4      | Found a shattered altar of Ashenzari.
  3541 | D:4      | Found a deep blue altar of Sif Muna.
  3541 | D:4      | Noticed Duvessa
  3541 | D:4      | Noticed Dowan
  3552 | D:4      | Killed Duvessa
  3552 | D:4      | Reached XP level 7. HP: 40/46 MP: 8/16
  3562 | D:4      | Killed Dowan
  3569 | D:4      | Learned a level 1 spell: Freeze
  3823 | D:5      | Entered Level 5 of the Dungeon
  3916 | D:5      | Reached skill level 7 in Spellcasting
  4178 | D:5      | Found a deep blue altar of Sif Muna.
  4243 | D:5      | Reached ** piety under Vehumet
  4303 | D:5      | Offered knowledge of Throw Frost by Vehumet.
  4307 | D:5      | Learned a level 2 spell: Throw Frost
  4330 | D:5      | Reached skill level 8 in Spellcasting
  4339 | D:5      | Reached XP level 8. HP: 43/52 MP: 14/20
  4586 | D:6      | Found a staircase to the Ecumenical Temple.
  4621 | Temple   | Entered the Ecumenical Temple
  4677 | D:6      | Reached skill level 9 in Spellcasting
  4914 | D:6      | Found an opulent altar of Gozag.
  4957 | D:6      | Reached skill level 10 in Spellcasting
  5587 | D:6      | Slain by a wight

Vault maps used:
D:1:      ldierk_walled_garden
D:2:      first_bread
D:3:      overflow_temple_1_default, kennysheep_cluttered_room,
          minmay_misc_feat_roman, minmay_misc_feat_plants,
          uniq_crazy_yiuf_cottage
D:4:      gammafunk_temple_overflow_statue, serial_shops,
          nicolae_shop_overgrown_old_shop, uniq_eustachio, uniq_duvessa
D:5:      tgw_sif
D:6:      temple_fountains, grunt_ministairs_8, dk_vineyard_2,
          nicolae_gozag_seed_capital
Temple:   nicolae_temple_no_exploring_needed

Skill      XL: |  1  2  3  4  5  6  7  8 |
---------------+-------------------------+-----
Spellcasting   | 3 4 5 6 8 10 | 10.6
Necromancy     | 5 7 |  7.6
Dodging        | |  1.5
Stealth        | |  1.5

Action                   |  1- 3 |  4- 6 |  7- 9 || total
-------------------------+-------+-------+-------++-------
Melee: Unarmed           |     9 |       |       ||     9
       Quarterstaff      |       |     9 |    24 ||    33
       Short sword       |       |       |    19 ||    19
       Mace              |       |       |     5 ||     5
       Falchion          |       |       |     2 ||     2
 Fire: Hunting sling     |       |    34 |    23 ||    57
       Shortbow          |       |       |    32 ||    32
 Cast: Pain              |    78 |   118 |    60 ||   256
       Animate Skeleton  |    18 |     4 |     3 ||    25
       Animate Dead      |       |     4 |     7 ||    11
       Vampiric Draining |       |     7 |    11 ||    18
       Freeze            |       |       |     5 ||     5
Evoke: Wand              |       |       |     6 ||     6
  Use: Scroll            |       |       |     8 ||     8
 Stab: Sleeping          |       |     1 |       ||     1
Armor: Robe              |     3 |     5 |    16 ||    24
Dodge: Dodged            |    21 |    28 |    50 ||    99
